 Dungeon Crawl Stone Soup version 0.30-a0-840-ga523dec638 (webtiles) character file.

Game seed: 17988960305551989222

174 Twinkles the Sneak (level 5, -20/48 HPs)
             Began as a Kobold Brigand on Mar 2, 2023.
             Killed by an exploding adder (26 damage)
             ... ignited by their inner flame
             ... in a sewer.
             The game lasted 00:10:00 (2377 turns).

Twinkles the Sneak (Kobold Brigand)                 Turns: 2377, Time: 00:10:00

Health: -20/48     AC:  6    Str:  8    XL:     5   Next: 84%
Magic:  5/5        EV: 15    Int: 13    God:
Gold:   72         SH:  0    Dex: 18    Spells: 4/4 levels left

rFire   . . .      SeeInvis .    a - +2 dagger
rCold   . . .      Faith    .    (no shield)
rNeg    . . .      Spirit   .    j - +0 leather armour
rPois   .          Reflect  .    (no helmet)
rElec   .          Harm     .    c - +0 cloak
rCorr   .          Rampage  .    o - +0 pair of gloves
Will    .....                    i - +0 pair of boots Stlth
                                 (no amulet)
HPRegen 0.28/turn                (no ring)
MPRegen 0.09/turn                (no ring)

@: berserking, lethally poisoned (-20 -> -57), slow
A: small, no large weapons, nightstalker 3
a: no special abilities


You were in a sewer.
You visited 1 branch of the dungeon, and saw 3 of its levels.
You also visited: Sewer.

You collected 72 gold pieces.

Inventory:

Hand Weapons
 a - a +2 dagger (weapon)
 b - a +0 dagger of venom
Missiles
 e - 3 curare-tipped darts
 p - 4 datura-tipped darts
 x - 11 poisoned darts (quivered)
Armour
 c - a +0 cloak (worn)
 i - a +0 pair of boots (worn)
 j - a +0 leather armour (worn)
 o - a +0 pair of gloves (worn)
 s - a +0 robe
Jewellery
 n - a ring of ice
Wands
 d - a wand of digging (6)
Scrolls
 r - a scroll of acquirement
 K - 2 scrolls of immolation
Potions
 f - 2 potions of curing {unknown}
 k - 2 potions of flight {unknown}
 q - a potion of degeneration {unknown}
 t - a potion of mutation {unknown}
 u - a potion of brilliance {unknown}
 N - 2 potions of heal wounds
 T - 2 potions of berserk rage


   Skills:
 + Level 3.3 Fighting
 + Level 4.0 Short Blades
 + Level 3.3 Throwing
 + Level 2.9 Dodging
 + Level 6.3 Stealth


You had 4 spell levels left.
You didn't know any spells.
Your spell library contained the following spells:

 Spells                   Type           Power      Damage    Failure   Level
 Beastly Appendage        Tmut           0%         N/A       41%         1
 Cigotuvi's Dreadful Rot  Necr/Pois/Air  0%         N/A       56%         2
 Poisonous Vapours        Pois/Air       0%         N/A       56%         2
 Scorch                   Fire           0%         2d5       56%         2
 Wereblood                Tmut           0%         N/A       56%         2
 Mephitic Cloud           Conj/Pois/Air  0%         N/A       80%         3
 Spider Form              Tmut/Pois      0%         N/A       80%         3
 Flame Wave               Conj/Fire      0%         2d4       99%         4
 Summon Cactus Giant      Summ           0%         N/A       100%        6


Dungeon Overview and Level Annotations

Branches:
Dungeon (3/15) Zot: 15771   Sewer (1/1) Zot: 5855

Altars:

Shops:
D:1 *

Annotations:
D:3 5 exclusions


Innate Abilities, Weirdness & Mutations

You are small and have problems with some larger weapons.
You are completely attuned to the shadows.


Message History

Unknown command.
Unknown command.
It was a potion of heal wounds.
You feel much better.
N - 2 potions of heal wounds The adder misses you.
The adder completely misses you.
The ball python closely misses you. x2; The adder bites you but does no damage.
Press: ? - help, v - describe, . - travel
Here: an adder (water, inner flame) Some deep water.
Press: ? - help, v - describe, . - travel
Here: a ball python (inner flame) Some shallow water.
Really walk into that cloud of poison gas?
The adder attacks as you move away! The adder bites you but does no damage.
You enter the shallow water.
Moving in this stuff is going to be slow.
You are engulfed in poison gas.
You are poisoned.
You feel very sick. The adder barely misses you. The adder bites you.
It was a potion of berserk rage.
A red film seems to cover your vision as you go berserk!
You feel yourself moving faster!
You feel mighty!
T - 2 potions of berserk rage You are engulfed in poison gas.
You are lethally poisoned!
* * * LOW HITPOINT WARNING * * *
You feel extremely sick. The adder barely misses you. x2
You are too berserk!
You puncture the adder!
Flame seeps out of the adder.
The adder is severely wounded.
You are engulfed in poison gas.
You are more poisoned.
* * * LOW HITPOINT WARNING * * *
x2 You feel very sick.
The adder is engulfed in blazing flames.
The adder explodes!
The fiery explosion engulfs you!!
Ouch! That really hurt!
You die...

##.†....##
##.....
#......##
##....
#...~.##
##.~.
#≈≈~~≈≈#
#≈~~≈
#≈~~~≈≈#
#≈≈~≈
#§§§§§≈#
#≈≈~≈
#§§§§§≈#
#≈~~≈
#§§§§§≈#
#≈~~~
#@§§§§≈#
#≈.~≈
#S○#≈≈≈#
#≈≈≈~
#Sr§§≈≈#
#≈≈≈~
#~§☼§§≈#
#≈~#~
#§§§§§≈#
#≈≈~≈
#≈≈~~≈≈#
#≈≈~≈
#≈~~≈≈≈#
#≈~~~
#≈~~~~≈#
#≈~~~
#≈≈~~≈≈#
#≈~~~


You could see an adder (inner flame), a river rat (inner flame) and a ball
python (inner flame).

Vanquished Creatures
  Ijyb (D:3)
  Natasha (D:2)
  5 adders
  A river rat (Sewer)
  A worm (D:3)
  A dart slug (D:1)
  7 endoplasms
  3 giant cockroaches
  11 goblins
  7 hobgoblins
  4 jackals (D:2)
  3 kobolds
  A quokka (D:1)
  3 ball pythons
  5 bats
  5 frilled lizards (D:1)
  14 rats
73 creatures vanquished.

Notes
Turn   | Place    | Note
-------+----------+-------------------------------------------
     0 | D:1      | Twinkles the Kobold Brigand began the quest for the Orb.
     0 | D:1      | Reached XP level 1. HP: 12/12 MP: 1/1
   294 | D:1      | Reached XP level 2. HP: 18/18 MP: 2/2
   403 | D:1      | Reached XP level 3. HP: 12/22 MP: 3/3
   741 | D:1      | Found Doulurpho's General Store.
  1066 | D:2      | Reached XP level 4. HP: 27/27 MP: 4/4
  1189 | D:2      | Noticed Natasha
  1193 | D:2      | Killed Natasha
  1194 | D:2      | Reached skill level 6 in Stealth
  1221 | D:2      | HP: 8/27 [poisoned by a goblin]
  1226 | D:2      | HP: 5/27 [poisoned by a goblin]
  1994 | D:3      | Reached XP level 5. HP: 32/32 MP: 5/5
  2027 | D:3      | Noticed Ijyb
  2061 | D:3      | Killed Ijyb
  2219 | D:3      | Found a glowing drain.
  2255 | Sewer    | Entered a sewer
  2371 | Sewer    | Identified a scroll of acquirement
  2376 | Sewer    | HP: 14/48 [poisoned by you (poison gas)]
  2377 | Sewer    | HP: 6/48 [poisoned by you (poison gas)]
  2377 | Sewer    | Killed by an exploding adder... ignited by their inner
                  | flame

Illustrated notes

Levels and vault maps discovered:
D:1:      dpeg_arrival_houses_and_road, layout_loops_cross, serial_shops,
          nicolae_shop_hallway_plus, minmay_unequal
D:2:      layout_loops_ring, minmay_goblin_kobold_house, uniq_natasha
D:3:      kennysheep_the_goblin_king, layout_basic, grunt_dithmenos_smoke,
          mainiacjoe_overflow_alcove_2, amcnicky_altar_gilded,
          portal_sewer_entry_a
Sewer:    sewer_minmay_w

Skill      XL: |  1  2  3  4  5 |
---------------+----------------+-----
Short Blades   | 3 4 |  4.0
Dodging        | 2 |  2.9
Stealth        | 6 |  6.3
Throwing       | 3 |  3.3
Fighting       | 3 |  3.3

Action                     |  1- 3 |  4- 6 || total
---------------------------+-------+-------++-------
  Melee: Dagger            |    77 |    98 ||   175
         Punch             |     1 |       ||     1
  Throw: Dart              |       |     5 ||     5
    Use: Scroll            |       |     5 ||     5
         Potion            |       |     2 ||     2
   Stab: Sleeping          |    18 |    20 ||    38
 Armour: Leather armour    |    11 |    27 ||    38
  Dodge: Dodged            |    32 |    76 ||   108

Table legend: (Time is in decaauts)
 A = Elapsed time spent in this place.
 B = Non-inter-level travel time spent in this place.
 C = Inter-level travel time spent in this place.
 D = Time resting spent in this place.
 E = Time spent auto-exploring this place.
 F = Levels seen in this place.
 G = Mean time per level.
                   A        B        C        D        E       F      G
               +--------+--------+--------+--------+--------+-----+--------+
         Total |   2372 |   2278 |     94 |    106 |   1491 |   4 |  593.0 |
       Dungeon |   2228 |   2134 |     94 |    106 |   1459 |   3 |  742.7 |
         Sewer |    143 |    143 |      0 |      0 |     32 |   1 |  143.0 |
               +--------+--------+--------+--------+--------+-----+--------+

Top non-repeatable levels by time:
     D:1: 976 daAuts
     D:2: 947 daAuts
     D:3: 304 daAuts
   Sewer: 143 daAuts
